 Dungeon Crawl Stone Soup version 0.29.1-15-g9cfb28693d (webtiles) character file.

Game seed: 1383750436424908491

16 jtron the Ducker (level 2, -8/23 HPs)
             Began as a Gnoll Wanderer on Mar 20, 2023.
             Killed from afar by Terence (10 damage)
             ... with a puff of flame
             ... on level 2 of the Dungeon.
             The game lasted 00:01:43 (476 turns).

jtron the Ducker (Gnoll Wanderer)                    Turns: 476, Time: 00:01:44

Health: -8/23      AC:  4    Str: 16    XL:     2   Next: 58%
Magic:  3/3        EV: 13    Int:  9    God:
Gold:   37         SH:  0    Dex: 14    Spells: 2/2 levels left

rFire   . . .      SeeInvis .   b - +0 quarterstaff
rCold   . . .      Faith    .   (shield currently unavailable)
rNeg    . . .      Spirit   .   e - +0 leather armour
rPois   .          Reflect  .   (no helmet)
rElec   .          Harm     .   (no cloak)
rCorr   .          Rampage  .   c - +0 pair of gloves
Will    .....                   (no boots)
Stlth   +.........              (no amulet)
HPRegen 0.07/turn               k - +6 ring of strength
MPRegen 0.08/turn               (no ring)

@: lethally poisoned (-8 -> -23)
A: fangs 1, strong nose, distributed training
a: no special abilities


You were on level 2 of the Dungeon.
You visited 1 branch of the dungeon, and saw 2 of its levels.

You collected 37 gold pieces.

Inventory:

Hand Weapons
 a - a +2 sling
 b - a +0 quarterstaff (weapon)
Missiles
 n - 5 curare-tipped darts
Armour
 c - a +0 pair of gloves (worn)
 e - a +0 leather armour (worn)
Jewellery
 g - an amulet of magic regeneration
 k - a +6 ring of strength (left hand)
Scrolls
 d - a scroll of vulnerability
 f - 2 scrolls of identify {unknown}
 h - a scroll of teleportation {unknown}
 l - 2 scrolls of immolation {unknown}
Potions
 i - a potion of heal wounds {unknown}
 j - a potion of degeneration {unknown}
 m - a potion of flight {unknown}


   Skills:
 + Level 2.5 Fighting
 + Level 0.5 Short Blades
 + Level 0.5 Long Blades
 + Level 0.5 Axes
 + Level 0.5 Maces & Flails
 + Level 0.5 Polearms
 + Level 4.5 Staves
 + Level 4.5 Ranged Weapons
 + Level 0.5 Throwing
 + Level 2.5 Armour
 + Level 4.5 Dodging
 + Level 0.5 Stealth
 + Level 0.5 Shields
 + Level 0.5 Unarmed Combat
 + Level 0.5 Spellcasting
 + Level 0.3 Conjurations
 + Level 0.3 Hexes
 + Level 0.3 Summonings
 + Level 0.3 Necromancy
 + Level 0.3 Translocations
 + Level 0.3 Transmutations
 + Level 0.3 Fire Magic
 + Level 0.3 Ice Magic
 + Level 0.3 Air Magic
 + Level 0.3 Earth Magic
 + Level 0.3 Poison Magic
 + Level 2.5 Invocations
 + Level 2.5 Evocations


You had 2 spell levels left.
You didn't know any spells.
Your spell library was empty.

Dungeon Overview and Level Annotations

Branches:
Dungeon (2/15)

Altars:

Annotations:
D:2 Terence


Innate Abilities, Weirdness & Mutations

You have very sharp teeth.
Your uncanny sense of smell can sniff out nearby items.
Your experience applies equally to all skills.


Message History

There is a stone staircase leading up here.
A rat comes into view.
You shoot a sling bullet. The sling bullet hits the rat.
You kill the rat!
Found a ring mail.
Okay, then.
A kobold comes into view. It is wielding a +0 whip.
Your library has no spells.
Unknown command.
You shoot a sling bullet. The sling bullet hits the kobold.
You kill the kobold!
You hear a shout!
Terence the Incautious comes into view.
He is wielding a +1 short sword of venom and carrying a wand of flame (10).
You shoot a sling bullet. The sling bullet barely misses Terence.
You shoot a sling bullet. The sling bullet hits Terence.
Terence is lightly wounded.
You shoot a sling bullet. The sling bullet hits Terence.
Terence is moderately wounded.
You shoot a sling bullet.
The sling bullet hits Terence but does no damage.
Terence is moderately wounded.
A frilled lizard comes into view.
Terence hits you with a +1 short sword of venom.
You are poisoned.
b - a +0 quarterstaff (weapon)
You feel sick.
You closely miss Terence.
Terence is moderately wounded.
You feel sick. Terence misses you.
You hit Terence but do no damage.
Terence is moderately wounded.
You feel sick.
Terence hits you with a +1 short sword of venom!
You are lethally poisoned!
You hit Terence but do no damage.
Terence is moderately wounded.
* * * LOW HITPOINT WARNING * * *
You feel very sick.
Terence zaps a wand.
The puff of flame hits you!
You die...

...........########
..######...#
..######...#
......^....###.
................
.######.#.##....
##.####...........
..................
##.####@#.#.##.#..
#@#.#.# .# #l#.#.#
∆# ..#.# # ......
##.#[## #. .. #) ..
#. ...


You could see Terence and a frilled lizard.

Vanquished Creatures
  A dart slug (D:1)
  3 endoplasms (D:1)
  2 goblins (D:1)
  A quokka (D:1)
  2 ball pythons (D:1)
  2 kobolds
  3 rats
14 creatures vanquished.

Notes
Turn   | Place    | Note
-------+----------+-------------------------------------------
     0 | D:1      | jtron the Gnoll Wanderer began the quest for the Orb.
     0 | D:1      | jtron set off with the following items: a +2 sling, a +0
                  | quarterstaff, a +0 pair of gloves, a scroll of
                  | vulnerability, a +0 leather armour.
     0 | D:1      | Reached XP level 1. HP: 17/17 MP: 2/2
    91 | D:1      | Reached XP level 2. HP: 23/23 MP: 3/3
   467 | D:2      | Noticed Terence
   476 | D:2      | Killed from afar by Terence

Illustrated notes

Levels and vault maps discovered:
D:1:      giann_forest_graveyard, layout_rooms, shapermc_ecumenical_altar_petra
D:2:      layout_loops_ring, uniq_crazy_yiuf_cottage, uniq_terence

Action                   || total
-------------------------++-------
Melee: Quarterstaff      ||     4
 Fire: Sling             ||    25
Dodge: Dodged            ||     6
